 Dungeon Crawl Stone Soup version 0.28.0-53-g5a82cb258f (webtiles) character file.

Game seed: 6117287158871098716

1207 issech the Cutter (level 8, -1/70 HPs)
             Began as a Minotaur Monk on June 19, 2022.
             Slain by a gnoll
             ... wielding a +0 scythe
              (10 damage)
             ... on level 5 of the Dungeon.
             The game lasted 00:09:31 (4041 turns).

issech the Cutter (Minotaur Monk)                   Turns: 4041, Time: 00:09:32

Health: -1/70      AC: 14    Str: 16    XL:     8   Next: 21%
Magic:  7/7        EV: 12    Int:  7    God:
Gold:   199        SH:  4    Dex: 15    Spells: 7/7 levels left

rFire   . . .      SeeInvis .   n - +1 short sword (protect)
rCold   . . .      Faith    .   e - +0 buckler
rNeg    . . .      Spirit   .   r - +0 ring mail
rPois   .          Reflect  .   (helmet restricted)
rElec   .          Harm     .   (no cloak)
rCorr   .          Rampage  .   j - +0 pair of gloves
Will    .....                   (no boots)
Stlth   ++........              (no amulet)
HPRegen 0.21/turn               (no ring)
MPRegen 0.10/turn               (no ring)

@: under a protective aura
A: horns 2, retaliatory headbutt
a: no special abilities


You were on level 5 of the Dungeon.
You visited 1 branch of the dungeon, and saw 5 of its levels.

You collected 199 gold pieces.

Inventory:

Hand Weapons
 a - a +0 hand axe
 n - a +1 short sword of protection (weapon)
 q - a +0 vorpal spear
 s - a +0 hunting sling
 u - a +0 scythe
 z - a +0 broad axe
 D - a +0 shortbow
Missiles
 d - 121 stones (quivered)
 l - 6 poisoned darts
 p - 79 sling bullets
 t - 18 bolts
 w - 51 arrows
Armour
 b - a +0 robe
 e - a +0 buckler (worn)
 j - a +0 pair of gloves (worn)
 r - a +0 ring mail (worn)
Scrolls
 f - a scroll of identify {unknown}
 h - a scroll of teleportation {unknown}
 m - a scroll of vulnerability {unknown}
 o - 3 scrolls of enchant weapon {unknown}
 v - 2 scrolls of blinking {unknown}
 x - a scroll of silence {unknown}
 y - a scroll of fog {unknown}
 B - a scroll of noise {unknown}
 C - a scroll of brand weapon {unknown}
Potions
 c - 2 potions of might {unknown}
 g - 2 potions of heal wounds {unknown}
 i - a potion of berserk rage {unknown}
 k - a potion of mutation {unknown}
 A - a potion of cancellation {unknown}


   Skills:
 + Level 5.9 Fighting
 + Level 6.0 Short Blades
 + Level 5.0 Axes
 + Level 4.4 Armour
 + Level 5.1 Dodging
 + Level 2.6 Stealth
 + Level 2.5 Shields


You had 7 spell levels left.
You didn't know any spells.
Your spell library contained the following spells:

 Spells                   Type           Power      Damage    Failure   Level
 Foxfire                  Conj/Fire      0%         2x1d4     75%         1
 Magic Dart               Conj           0%         1d3       75%         1
 Searing Ray              Conj           0%         2d4       86%         2
 Static Discharge         Conj/Air       0%         N/A       86%         2
 Conjure Flame            Conj/Fire      0%         6-21      98%         3
 Inner Flame              Hex/Fire       0%         N/A       98%         3
 Stone Arrow              Conj/Erth      0%         3d7       98%         3
 Animate Armour           Summ/Erth      0%         N/A       100%        4
 Flame Wave               Conj/Fire      0%         2d4       100%        4
 Fulminant Prism          Conj/Hex       0%         3d6       100%        4
 Lightning Bolt           Conj/Air       0%         1d11      100%        5
 Summon Forest            Summ/Tloc      0%         N/A       100%        5
 Ignition                 Fire           0%         3d3       100%        8
 Lehudib's Crystal Spear  Conj/Erth      0%         10d2      100%        8
 Maxwell's Capacitive Co  Air            0%         ∞         100%        8


Dungeon Overview and Level Annotations

Branches:
Dungeon (5/15)
 Temple: D:4-7

Altars:


Innate Abilities, Weirdness & Mutations

You have a pair of horns on your head.
You reflexively headbutt those who attack you in melee.


Message History

The gnoll closely misses you.
You see here a centaur corpse.
You block the gnoll's attack. The gnoll closely misses you.
You furiously retaliate!
You headbutt the gnoll! You hit the gnoll.
Your weapon exudes an aura of protection.
You headbutt the gnoll.
You kill the gnoll!
The gnoll barely misses you.
Your Short Blades skill increases to level 6!
The gnoll closely misses you. You furiously retaliate!
You headbutt the gnoll, but do no damage.
The gnoll hits you with a +0 scythe! The gnoll hits you but does no damage.
Things that are here:
a +0 scythe; a +0 robe You hit the gnoll but do no damage.
The gnoll barely misses you.
You completely miss the gnoll. The gnoll misses you.
You block the gnoll's attack.
Unknown command.
You barely miss the gnoll. Your headbutt misses the gnoll.
You block the gnoll's attack.
The gnoll hits you from afar with a +0 scythe.
You block the gnoll's attack.
You hit the gnoll but do no damage. The gnoll closely misses you.
You closely miss the gnoll. The gnoll closely misses you.
You furiously retaliate!
You headbutt the gnoll. The gnoll hits you with a +0 scythe!
The gnoll barely misses you.
You hit the gnoll.
The gnoll is moderately wounded.
You block the gnoll's attack.
The gnoll hits you from afar with a +0 scythe!
* * * LOW HITPOINT WARNING * * *
You hit the gnoll but do no damage.
The gnoll is moderately wounded.
The gnoll hits you with a +0 scythe.
* * * LOW HITPOINT WARNING * * *
The gnoll hits you with a +0 scythe.
* * * LOW HITPOINT WARNING * * *
The gnoll hits you from afar with a +0 scythe!
You die...

#.##............... $
#..##........†..... ..
#####..####............ ...
#...#..# #####........ ....
#..g#..# ####..###
.....##'##..# ##.##
.......†.g..# #..#
.......†..gg###### ##..#
.........##@.#...####..##
.......####..#.........###
.....## #..#...........#
..### #..##.....<...## # ##
#..##......#### #
#######...#####..#
##########................#
.................#######..##
## #####.............#
###..####..


You could see 3 gnolls.

Vanquished Creatures
  Prince Ribbit (D:5)
  Sigmund (D:2)
  2 sky beasts (D:5)
  A black bear (D:5)
  A centaur (D:5)
  A bullfrog (D:5)
  2 scorpions (D:4)
  A water moccasin skeleton (D:5)
  A jelly (D:5)
  2 hounds
  An iguana (D:5)
  2 gnolls
  4 adders
  An ufetubus (D:4)
  3 dart slugs
  7 orcs
  11 ball pythons
  11 endoplasms
  6 giant cockroaches
  3 goblins
  7 hobgoblins
  5 kobolds
  A quokka (D:2)
  7 bats
  3 frilled lizards
  7 rats
  A spectral goblin (D:1)
93 creatures vanquished.

Notes
Turn   | Place    | Note
-------+----------+-------------------------------------------
     0 | D:1      | issech the Minotaur Monk began the quest for the Orb.
     0 | D:1      | Reached XP level 1. HP: 19/19 MP: 0/0
   196 | D:1      | Reached XP level 2. HP: 22/27 MP: 1/1
   418 | D:1      | Found a faded altar of an unknown god.
  1080 | D:2      | Reached XP level 3. HP: 26/33 MP: 2/2
  1182 | D:2      | Got the Incunabulum of Dislocated Flames
  1527 | D:2      | Noticed Sigmund
  1553 | D:2      | Killed Sigmund
  1554 | D:2      | Reached skill level 5 in Fighting
  1554 | D:2      | Reached skill level 1 in Short Blades
  1554 | D:2      | Reached skill level 1 in Shields
  1554 | D:2      | Reached XP level 4. HP: 42/42 MP: 3/3
  1554 | D:2      | Reached XP level 5. HP: 48/48 MP: 4/4
  1936 | D:3      | Reached skill level 5 in Axes
  1982 | D:3      | Reached skill level 2 in Short Blades
  2568 | D:4      | Reached skill level 1 in Armour
  2568 | D:4      | Reached XP level 6. HP: 51/56 MP: 5/5
  2794 | D:4      | Reached skill level 3 in Short Blades
  3193 | D:5      | Entered Level 5 of the Dungeon
  3418 | D:5      | Noticed Prince Ribbit
  3442 | D:5      | Killed Prince Ribbit
  3443 | D:5      | Reached skill level 4 in Short Blades
  3443 | D:5      | Reached XP level 7. HP: 25/61 MP: 6/6
  3681 | D:5      | Reached skill level 5 in Short Blades
  3862 | D:5      | Reached XP level 8. HP: 51/70 MP: 7/7
  4006 | D:5      | Reached skill level 5 in Dodging
  4034 | D:5      | Reached skill level 6 in Short Blades
  4041 | D:5      | Slain by a gnoll

Illustrated notes

Levels and vault maps discovered:
D:1:      saegor_arrival_fortress, layout_loops_ring,
          dreamdust_ecumenical_altar_drowned_temple, minmay_split_cup_large
D:2:      layout_rooms, serial_curves, eino_curves_03, eino_curves_04,
          eino_curves_01, hangedman_abyss_or_decor_stabs, minmay_tetromino_i2,
          uniq_sigmund
D:3:      layout_rooms
D:4:      layout_basic, chequers_serial_rivers_marsh
D:5:      layout_cave_pods, lemuel_temple_firewalk_a, minmay_misc_feat_rows,
          sigmund_army, uniq_prince_ribbit1

Skill      XL: |  1  2  3  4  5  6  7  8 |
---------------+-------------------------+-----
Axes           | 4 5 |  5.0
Fighting       | 4 5 |  5.9
Short Blades   | 1 2 4 5 6 |  6.0
Dodging        | 4 5 |  5.1
Stealth        | 2 |  2.6
Shields        | 1 2 |  2.5
Armour         | 1 3 4 |  4.4

Action                   |  1- 3 |  4- 6 |  7- 9 || total
-------------------------+-------+-------+-------++-------
Melee: Hand axe          |    45 |       |       ||    45
       Headbutt          |    12 |    20 |    15 ||    47
       Short sword       |    57 |   101 |    91 ||   249
 Stab: Sleeping          |     2 |     1 |       ||     3
Armor: Robe              |    19 |       |       ||    19
       Ring mail         |    12 |    29 |    46 ||    87
Dodge: Dodged            |    55 |    60 |    57 ||   172
Block: Buckler           |    16 |    14 |    24 ||    54
